Map: [ESL] Tropical Sacrifice

Players

LiquidClem (Clem)

  • Race: Terran Terran
  • League: Grandmaster
  • Spawn Location: 1:00

Zoun - Winner!

  • Race: Protoss Protoss
  • Spawn Location: 7:00

Event: HomeStory Cup XXII

VOD

Have the link to the VOD?

Description

Time

  • Played on: Dec. 17, 2022, 9:10 a.m.
  • Length: 21:00

All games in this series

Show
View Real Time Build Order
Export as new Build Order

LiquidClem Terran 

Build Orders: Reaper Expand 

Get SALT Encoding   

  12  0:00  SCV  
  13  0:12  SCV  
  14  0:17  Supply Depot  
  14  0:24  SCV  
  15  0:39  SCV, Barracks  
  16  0:44  Refinery  
  16  0:51  SCV  
  17  1:03  SCV  
  18  1:15  SCV  
  19  1:26  Reaper  
  19  1:27  Orbital Command  
  20  1:42  Command Center  
  20  1:50  Supply Depot  
  20  1:54  SCV  
  21  1:58  Marine  
  22  2:06  SCV  
  23  2:11  Factory  
  23  2:19  Bunker  
  23  2:21  SCV  
  24  2:23  Barracks Reactor  
  24  2:31  Refinery  
  24  2:33  SCV  
  25  2:45  SCV  
  26  2:54  Orbital Command  
  26  2:56  Starport  
  26  2:59  SCV, Marine  
  26  3:00  Marine  
  29  3:06  Hellion  
  29  3:11  SCV  
  33  3:20  SCV  
  33  3:22  Marine x2  
  33  3:23  SCV  
  36  3:27  Factory Tech Lab  
  36  3:32  SCV  
  37  3:35  SCV  
  37  3:37  Barracks  
  37  3:41  Supply Depot, Marine x2  
  38  3:44  SCV  
  41  3:49  Cyclone  
  41  3:51  SCV  
  41  3:55  Viking  
  46  4:02  SCV, Marine x2  
  49  4:03  SCV  
  49  4:13  Barracks  
  49  4:14  SCV  
  49  4:15  SCV  
  47  4:19  Supply Depot  
  47  4:20  Marine x2  
  49  4:24  Siege Tank  
  49  4:25  Medivac  
  54  4:36  Supply Depot  
  54  4:40  Engineering Bay, Marine x3  
  54  4:41  SCV x2  
  59  4:46  Refinery  
  59  4:53  SCV x2  
  59  4:58  Marine  
  62  5:01  Barracks Tech Lab  
  62  5:02  Marine  
  62  5:05  Supply Depot, SCV x2  
  65  5:07  Factory Tech Lab  
  65  5:11  Stimpack, Marine  
  65  5:12  Terran Infantry Weapons Level 1  
  66  5:16  Marine  
  66  5:17  SCV x2, Missile Turret  
  66  5:18  Missile Turret  
  66  5:20  Combat Shield  
  69  5:23  Marine  
  69  5:26  Marauder  
  70  5:29  SCV  
  70  5:30  Refinery  
  70  5:31  Supply Depot  
  70  5:33  Starport Reactor  
  70  5:35  Marauder  
  73  5:37  Marine  
  73  5:38  SCV  
  73  5:41  SCV  
  73  5:42  Marine  
  76  5:48  Supply Depot  
  76  5:49  Marauder  
  78  5:53  SCV  
  78  5:57  Marauder  
  81  5:58  Siege Tank  
  81  6:00  Marine  
  81  6:02  Supply Depot  
  81  6:03  Marine  
  86  6:10  Supply Depot  
  86  6:11  Medivac, Marauder  
  89  6:17  Supply Depot  
  89  6:19  Marauder  
  89  6:20  Marine  
  89  6:21  Marine  
  92  6:30  Widow Mine  
  94  6:35  Command Center  
  94  6:39  Marauder  
  96  6:40  Marauder  
  96  6:43  Marine x2  
  97  6:49  Medivac  
  97  6:50  Medivac  
  101  6:59  Barracks x2  
  101  7:00  Marauder  
  102  7:01  Siege Tank  
  105  7:09  Supply Depot, Concussive Shells  
  105  7:15  Marine x2  
  104  7:16  Marauder  
  104  7:21  Medivac  
  108  7:26  Supply Depot, Marauder  
  108  7:28  Medivac  
  108  7:29  SCV  
  113  7:33  Siege Tank  
  113  7:34  Terran Infantry Armor Level 1  
  113  7:35  Marine  
  113  7:36  SCV  
  118  7:41  Marauder  
  106  7:46  Marine  
  106  7:47  Marauder  
  106  7:49  Barracks Reactor, Barracks Tech Lab  
  96  7:54  SCV  
  96  7:55  Marine  
  95  8:01  SCV  
  95  8:02  Marauder  
  98  8:06  SCV  
  98  8:09  Marauder x2  
  98  8:11  Marine  
  100  8:16  Siege Tank  
  100  8:17  SCV  
  104  8:21  Orbital Command  
  104  8:23  SCV, Marauder  
  104  8:25  Marine  
  108  8:29  SCV, Marine  
  108  8:30  Marauder, Marine x2  
  114  8:35  SCV  
  114  8:39  Viking x2  
  121  8:41  Marauder  
  121  8:43  SCV  
  121  8:45  Marine  
  121  8:47  SCV, Marauder  
  121  8:48  SCV  
  126  8:50  Marine x2  
  126  8:51  Marine  
  126  8:55  SCV  
  129  8:56  Marauder  
  129  9:00  SCV  
  129  9:02  Supply Depot, SCV, Marauder  
  135  9:04  Marine  
  135  9:09  Marauder, Marine  
  138  9:10  Marine  
  138  9:11  Viking  
  138  9:16  Viking  
  144  9:18  Supply Depot, Marauder  
  144  9:22  SCV, Armory  
  144  9:23  Engineering Bay  
  143  9:25  Marauder  
  143  9:26  Marine  
  143  9:28  Marine  
  143  9:29  Marine  
  143  9:30  Marauder  
  145  9:31  Siege Tank  
  145  9:33  Marine  
  149  9:39  Marauder  
  149  9:41  Ghost Academy  
  149  9:44  Marine  
  148  9:46  Marauder, Marine  
  148  9:47  Marine  
  148  9:51  Marine  
  128  9:54  Marine  
  128  9:55  Medivac  
  128  9:58  Medivac  
  125  10:00  Refinery, Marauder  
  125  10:01  Refinery  
  125  10:07  Marine  
  127  10:08  Marauder, Marine x2  
  127  10:09  Marauder  
  127  10:10  Command Center  
  127  10:13  Siege Tank  
  137  10:23  Marine  
  137  10:25  Viking  
  137  10:26  Terran Infantry Weapons Level 2  
  140  10:29  Marine x3  
  140  10:32  SCV  
  140  10:35  Marauder x2  
  148  10:37  Marauder  
  148  10:39  Supply Depot  
  150  10:48  Marine  
  150  10:49  Marine x3  
  153  10:55  Ghost  
  153  10:56  Ghost  
  150  10:57  Ghost  
  150  11:00  Viking  
  146  11:06  SCV x2, Marine  
  146  11:07  SCV, Viking  
  146  11:09  Supply Depot  
  152  11:17  Marine x2  
  154  11:18  SCV  
  154  11:19  Marine  
  154  11:25  Marauder x2  
  160  11:32  Marine  
  151  11:33  SCV x2, Marauder  
  151  11:34  SCV  
  151  11:38  Siege Tank  
  156  11:45  SCV x2  
  156  11:46  Marauder x2  
  156  11:47  SCV  
  163  11:48  Marine  
  163  11:49  Marine x2  
  163  11:53  Ghost  
  163  11:54  Marine, Planetary Fortress  
  164  11:59  SCV  
  164  12:00  SCV  
  160  12:07  Medivac x2  
  160  12:08  Marauder  
  166  12:12  Refinery, Sensor Tower  
  166  12:14  Refinery  
  166  12:19  Ghost  
  166  12:22  SCV, Ghost  
  173  12:29  Sensor Tower  
  171  12:30  Missile Turret  
  171  12:37  Command Center, Siege Tank  
  171  12:40  Viking  
  171  12:43  Viking  
  171  12:44  Marine x3  
  180  12:58  Supply Depot  
  180  12:59  Terran Infantry Weapons Level 3  
  180  13:02  Terran Infantry Armor Level 2  
  180  13:06  Ghost  
  180  13:10  Viking  
  180  13:12  Marauder x2, Marine x2  
  175  13:21  Marine  
  175  13:22  Marine  
  169  13:30  Marine x2  
  169  13:31  Viking  
  169  13:32  Siege Tank  
  169  13:33  Marauder  
  169  13:34  Marauder  
  178  13:36  Marauder  
  178  13:38  Enhanced Shockwaves  
  178  13:39  Barracks  
  178  13:40  Marine x2  
  182  13:41  Barracks  
  182  13:44  Liberator, Barracks  
  182  13:47  Marine  
  186  13:50  SCV x2  
  186  13:55  Marauder x2  
  192  13:57  Marauder  
  192  13:59  SCV x2, Marine x2  
  194  14:05  Viking  
  194  14:09  SCV x2  
  196  14:15  Marine x2  
  196  14:16  Marauder  
  199  14:21  Terran Ship Weapons Level 1  
  197  14:26  Marauder  
  199  14:32  Planetary Fortress  
  194  14:38  SCV  
  194  14:40  Missile Turret  
  194  14:41  Marine x2  
  199  14:45  Marauder  
  199  14:48  Marauder  
  199  14:51  Marine x2  
  199  14:52  Marauder  
  199  14:53  Barracks Tech Lab x2  
  199  14:54  Barracks Reactor  
  199  15:03  Marine  
  200  15:10  Starport  
  200  15:17  Command Center  
  200  15:18  Refinery  
  200  15:20  Refinery, Missile Turret  
  193  15:31  Marauder  
  193  15:32  Marauder x2, Marine x2  
  187  15:35  Marine  
  187  15:36  Marauder x2, Marine  
  178  15:44  Liberator x2, Siege Tank  
  178  15:45  Marine  
  167  15:50  Marine  
  167  15:53  Marauder, Marine x2, Ghost  
  167  15:54  Marauder  
  176  15:57  Marauder  
  176  15:59  SCV  
  176  16:01  Sensor Tower  
  179  16:07  Starport Reactor  
  179  16:09  Marauder  
  181  16:13  Marine x4  
  181  16:14  Marauder, Marine  
  181  16:17  Ghost  
  190  16:21  Siege Tank  
  193  16:31  Orbital Command  
  193  16:34  Liberator  
  193  16:38  Liberator  
  180  16:47  Medivac  
  182  16:48  Marauder x2  
  182  16:51  Marauder x3  
  192  16:56  Marine  
  196  17:06  Missile Turret  
  193  17:09  Terran Ship Weapons Level 2, Marauder x2  
  193  17:10  Fusion Core  
  193  17:12  Marauder  
  196  17:22  SCV  
  196  17:23  SCV  
  196  17:25  Marauder  
  199  17:39  Sensor Tower  
  199  17:40  Missile Turret  
  199  17:42  Command Center  
  199  17:48  Medivac  
  194  17:59  Marauder  
  194  18:03  Marauder  
  188  18:06  Medivac  
  188  18:08  Marine  
  188  18:09  Marauder  
  188  18:10  Liberator x2  
  188  18:16  Advanced Ballistics  
  188  18:18  Liberator  
  190  18:20  Marauder  
  190  18:23  Missile Turret  
  190  18:28  Refinery  
  176  18:36  Liberator, Marauder x2, Marine x2  
  176  18:37  Marauder x2  
  181  18:41  Marauder  
  183  18:50  Marine x2  
  183  18:53  Liberator  
  188  18:56  Sensor Tower  
  188  18:57  Marauder x2, Marine  
  188  19:01  Liberator x2  
  196  19:08  Ghost  
  195  19:19  Medivac  
  197  19:29  Command Center  
  194  19:31  Cyclone  
  194  19:36  Medivac  
  194  19:37  Ghost  
  194  19:38  Marine  
  159  20:03  Cyclone  
  159  20:08  Marauder  
  159  20:09  Marine  
  145  20:16  Marine  
  137  20:25  Marine  
  137  20:28  Orbital Command  
  130  20:35  Marine  
  129  20:36  Marine  
  129  20:37  Marine  
Show
View Real Time Build Order
Export as new Build Order

Zoun Protoss - Winner!

Build Orders: 1 Gate Expand, Phoenix Opening 

Get SALT Encoding   

  12  0:00  Probe  
  13  0:12  Probe  
  14  0:18  Pylon  
  14  0:24  Probe (Chrono Boost)  
  15  0:37  Probe (Chrono Boost), Gateway  
  16  0:45  Probe (Chrono Boost)  
  16  0:48  Assimilator  
  17  0:51  Probe  
  18  1:03  Probe  
  19  1:15  Probe  
  20  1:24  Cybernetics Core  
  20  1:34  Nexus  
  22  1:48  Pylon  
  22  1:50  Probe  
  23  1:55  Assimilator  
  23  2:00  Adept (Chrono Boost)  
  23  2:06  Probe  
  24  2:18  Probe, Stargate  
  25  2:27  Adept  
  27  2:30  Probe  
  27  2:34  Warp Gate  
  28  2:42  Probe (Chrono Boost)  
  29  2:47  Probe (Chrono Boost)  
  30  2:54  Probe (Chrono Boost)  
  30  2:57  Probe (Chrono Boost)  
  32  2:58  Adept  
  32  2:59  Probe (Chrono Boost)  
  32  3:01  Phoenix  
  32  3:02  Probe (Chrono Boost)  
  38  3:08  Probe  
  39  3:14  Probe  
  39  3:15  Gateway  
  40  3:23  Gateway, Probe  
  41  3:30  Phoenix (Chrono Boost)  
  43  3:37  Probe  
  43  3:39  Probe  
  43  3:40  Pylon  
  45  3:49  Probe  
  46  3:56  Pylon  
  46  3:58  Phoenix, Probe  
  46  4:01  Probe  
  50  4:11  Probe  
  50  4:14  Probe  
  46  4:20  Robotics Facility  
  46  4:23  Phoenix, Probe  
  49  4:26  Probe  
  49  4:27  Assimilator x2  
  50  4:33  Stalker x2  
  50  4:37  Stalker  
  56  4:40  Probe x2  
  58  4:49  Pylon  
  58  4:52  Probe x2  
  60  4:59  Nexus  
  60  5:04  Probe  
  61  5:09  Twilight Council, Observer  
  61  5:10  Probe  
  61  5:11  Sentry  
  61  5:13  Pylon  
  65  5:21  Gateway  
  65  5:26  Probe x2  
  67  5:32  Immortal (Chrono Boost)  
  71  5:36  Shield Battery  
  71  5:43  Charge (Chrono Boost)  
  71  5:46  Zealot  
  71  5:47  Zealot  
  75  5:51  Robotics Bay  
  75  5:54  Phoenix  
  77  5:59  Pylon  
  77  6:04  Pylon  
  77  6:08  Immortal (Chrono Boost)  
  81  6:11  Probe x3  
  81  6:14  Observer  
  84  6:20  Gateway  
  84  6:24  Gateway  
  84  6:27  Forge  
  84  6:36  Zealot x4  
  92  6:41  Observer  
  92  6:44  Pylon  
  92  6:46  Colossus (Chrono Boost), Pylon  
  98  6:57  Zealot  
  100  7:03  Protoss Ground Weapons Level 1 (Chrono Boost)  
  100  7:04  Zealot x3  
  100  7:17  Extended Thermal Lance  
  100  7:19  Zealot x2  
  102  7:25  Zealot x3  
  108  7:31  Colossus (Chrono Boost)  
  108  7:32  Probe x2  
  88  7:45  Zealot x5  
  88  7:51  Blink  
  88  7:54  Stalker  
  88  7:56  Probe x2  
  90  8:10  Zealot x4  
  90  8:11  Sentry  
  98  8:19  Gateway  
  98  8:20  Colossus (Chrono Boost)  
  98  8:21  Stalker  
  98  8:25  Gateway  
  106  8:33  Observer  
  106  8:35  Nexus  
  106  8:38  Pylon  
  106  8:40  Probe  
  106  8:41  Probe  
  106  8:43  Robotics Facility  
  106  8:48  Observer, Stalker  
  104  8:57  Shield Battery  
  104  8:59  Photon Cannon  
  104  9:00  Photon Cannon  
  104  9:01  Observer (Chrono Boost)  
  105  9:03  Stalker x2  
  105  9:08  Stalker  
  111  9:10  Stalker  
  111  9:13  Stalker  
  115  9:19  Disruptor (Chrono Boost)  
  116  9:28  Protoss Ground Weapons Level 2  
  116  9:30  Zealot x4  
  120  9:33  Disruptor (Chrono Boost)  
  120  9:38  Zealot  
  125  9:41  Pylon  
  99  9:54  Zealot x5  
  99  9:59  Stalker x2  
  99  10:04  Sentry  
  99  10:06  Immortal (Chrono Boost)  
  105  10:16  Stalker x3  
  105  10:20  Stalker  
  113  10:23  Stalker  
  114  10:29  Stalker  
  114  10:30  Zealot x2  
  114  10:33  Observer  
  121  10:46  Observer  
  121  10:47  Stalker x3  
  117  10:58  Zealot x5  
  119  11:07  Gateway  
  119  11:11  Probe x4, Gateway  
  123  11:14  Zealot x3  
  129  11:32  Zealot x5  
  139  11:33  Probe x3  
  139  11:34  Disruptor x2  
  146  11:42  Zealot  
  146  11:45  Observer  
  146  11:46  Observer  
  148  11:53  Protoss Ground Weapons Level 3 (Chrono Boost)  
  146  11:57  Stalker  
  148  12:02  Pylon  
  148  12:03  Pylon  
  148  12:05  Forge  
  148  12:06  Pylon  
  148  12:08  Pylon  
  148  12:10  Assimilator x2  
  148  12:11  Pylon  
  148  12:12  Photon Cannon  
  148  12:17  Dark Shrine  
  148  12:20  Disruptor (Chrono Boost), Probe  
  148  12:21  Warp Prism (Chrono Boost), Probe  
  155  12:31  Protoss Ground Armor Level 1 (Chrono Boost)  
  155  12:42  Nexus  
  155  12:43  Zealot  
  154  12:52  Pylon  
  154  13:02  Gateway  
  154  13:04  Gateway, Assimilator x2  
  154  13:12  Disruptor x2 (Chrono Boost)  
  146  13:24  Zealot x2  
  146  13:25  Zealot x8  
  153  13:41  Disruptor x2 (Chrono Boost)  
  153  13:46  Stalker x3  
  165  13:49  Shadow Stride  
  165  13:51  Nexus  
  160  14:08  Dark Templar x4  
  164  14:11  Disruptor (Chrono Boost)  
  164  14:13  Zealot x4  
  169  14:20  Probe  
  169  14:21  Probe x2  
  172  14:27  Stalker  
  168  14:34  Dark Templar x3  
  168  14:35  Dark Templar  
  168  14:38  Archon  
  174  14:41  Archon  
  174  14:42  Zealot x2, Observer, Stalker  
  165  14:54  Pylon  
  165  14:55  Zealot x3  
  171  15:00  Disruptor (Chrono Boost)  
  171  15:01  Disruptor (Chrono Boost)  
  177  15:16  Stalker x2  
  177  15:17  Stalker x2  
  181  15:28  Dark Templar x3  
  181  15:35  Zealot x3  
  169  15:50  Disruptor x2 (Chrono Boost)  
  169  15:54  Zealot x4  
  169  15:55  Shield Battery  
  171  15:59  Probe x2  
  173  16:06  Dark Templar x4  
  173  16:11  Dark Templar  
  183  16:13  Dark Templar  
  185  16:19  Observer (Chrono Boost)  
  185  16:21  Observer (Chrono Boost)  
  187  16:38  Observer  
  185  16:46  Stalker x7  
  199  16:58  Nexus  
  199  17:00  Protoss Ground Armor Level 2 (Chrono Boost), Protoss Shields Level 1 (Chrono Boost), Pylon  
  199  17:08  Gravitic Boosters  
  189  17:24  Disruptor  
  192  17:47  Disruptor  
  178  18:04  Zealot x2, Observer  
  178  18:05  Zealot x8  
  171  18:13  Disruptor  
  164  18:22  Assimilator  
  164  18:23  Disruptor  
  164  18:24  Assimilator  
  164  18:25  Stalker  
  164  18:26  Zealot x5, Stalker x4  
  156  18:49  Disruptor (Chrono Boost)  
  156  18:51  Zealot x9  
  156  18:52  Zealot  
  156  18:55  Dark Templar x2  
  181  18:57  Nexus  
  181  18:58  Disruptor (Chrono Boost), Pylon  
  182  19:13  Stargate, Fleet Beacon  
  182  19:20  Disruptor (Chrono Boost)  
  185  19:25  Observer (Chrono Boost)  
  185  19:29  Stalker x4  
  179  19:49  Disruptor  
  179  19:50  Disruptor  
  179  19:52  Zealot x6  
  183  20:04  Zealot  
  183  20:05  Zealot x5  
  190  20:20  Stalker  
  167  20:22  Stalker x2  
  167  20:23  Stalker x3  
  173  20:35  Nexus  
  171  20:43  Nexus  
Tags
 
Add a new tag
Caveats
  • Supply blocks, unpowered buildings, or Contaminate may cause inaccurate times.
  • Supply counts are checked every 10 seconds.